 Dungeon Crawl Stone Soup version 0.26-a0-660-gc07710193c (webtiles) character file.

Game seed: 7645999587144036683

15 jfcaron the Ogre Mage (level 2, 0/28 HPs)
             Began as an Ogre Hedge Wizard on Oct 7, 2020.
             Slain by a goblin
             ... wielding a +2 mace of protection
              (3 damage)
             ... on level 1 of the Dungeon.
             The game lasted 00:02:52 (980 turns).

jfcaron the Ogre Mage (Ogre Hedge Wizard)            Turns: 980, Time: 00:02:53

Health: 0/28       AC:  3    Str: 13    XL:     2   Next: 50%
Magic:  6/6        EV: 10    Int: 15    God:
Gold:   38         SH:  0    Dex:  8    Spells: 7/8 levels left

rFire    . . .     SeeInvis .     - Unarmed
rCold    . . .     Faith    .   (no shield)
rNeg     . . .     Spirit   .   b - +0 robe
rPois    .         Reflect  .   c - +0 hat
rElec    .         Harm     .   (no cloak)
rCorr    .         Rampage  .   (gloves unavailable)
MR       .....                  (boots unavailable)
Stlth    +.........             (no amulet)
HPRegen  0.09/turn              (no ring)
MPRegen  0.10/turn              (no ring)

@: no status effects
A: large, unfitting armour, tough skin 1
a: no special abilities


You were on level 1 of the Dungeon.
You visited 1 branch of the dungeon, and saw 1 of its levels.

You collected 38 gold pieces.

Inventory:

Missiles
 d - 27 stones
 f - 19 poisoned darts (quivered)
 h - 23 arrows
Armour
 b - a +0 robe (worn)
 c - a +0 hat (worn)
Scrolls
 a - a scroll of random uselessness {unknown}
 g - a scroll of identify {unknown}
Potions
 e - a potion of haste {unknown}


   Skills:
 + Level 1.9 Fighting
 - Level 1.7 Dodging
 - Level 1.4 Stealth
 + Level 1.2 Unarmed Combat
 - Level 3.6 Spellcasting
 - Level 0.8 Conjurations
   Level 0.8 Summonings
   Level 0.8 Translocations


You had 7 spell levels left.
You knew the following spells:

 Your Spells              Type           Power        Failure   Level
a - Magic Dart            Conj           #...         13%         1

Your spell library contained the following spells:

 Spells                   Type           Power        Failure   Level
 Blink                    Tloc           N/A          21%         2
 Call Imp                 Summ           #.......     21%         2
 Slow                     Hex            #.......     28%         2
 Conjure Flame            Conj/Fire      #.......     43%         3
 Mephitic Cloud           Conj/Pois/Air  #.......     45%         3


Dungeon Overview and Level Annotations

Branches:
Dungeon (1/15)

Altars:


Innate Abilities, Weirdness & Mutations

You are too large for most types of armour.
You have tough skin. (AC +1)


Message History

You hit the hobgoblin.
You kill the hobgoblin!
You closely miss the goblin.
The goblin is moderately wounded.
The goblin hits you with a +2 mace of protection.
* * * LOW HITPOINT WARNING * * *
Unknown command.
You aren't carrying any items that you can evoke.
Unknown command.
Okay, then.
Quiver which item? (- for none, * to show all) (? for menu, Esc to quit)
Quivering
f - 20 poisoned darts for throwing.
Throwing (i - inventory. (/) - cycle)
f - 20 poisoned darts (quivered)
Press: ? - help, Shift-Dir - straight line, f - goblin
Aim: a goblin, wielding a +2 mace of protection (moderately wounded)
You throw a poisoned dart. The poisoned dart hits the goblin.
The goblin is poisoned.
The goblin is moderately wounded.
The goblin hits you with a +2 mace of protection.
You die...

#...# # .. #...###### #. .#
######........# #.# .#
#.............###..#.## #######
...............##.#...# #....[#
#..............##.....###.8.8.##
######....###..##.....##.......#
# #(...))...####.####8......## #
#...####..g@.....##..###..#< #
#...# #..#.#..###...#r#..#. #
##...####..#.#...##8..#C#..#.
#..............#......#B#..#.
#.####.##........##8..#w#..#.
#.####.##.###..####...#l#..#.
###.##......# #.....##..###..#.
###.#.##)#.##.###.######8........
......##†#.##.....# #.........


You could see a goblin (poisoned).

Vanquished Creatures
  2 giant cockroaches (D:1)
  2 goblins (D:1)
  2 hobgoblins (D:1)
  2 jackals (D:1)
  2 bats (D:1)
  2 frilled lizards (D:1)
  2 rats (D:1)
14 creatures vanquished.

Notes
Turn   | Place    | Note
-------+----------+-------------------------------------------
     0 | D:1      | jfcaron the Ogre Hedge Wizard began the quest for the Orb.
     0 | D:1      | Reached XP level 1. HP: 16/16 MP: 5/5
     7 | D:1      | Noticed a queen ant
     7 | D:1      | Noticed a komodo dragon
     8 | D:1      | Noticed an ettin
   348 | D:1      | Reached skill level 1 in Fighting
   476 | D:1      | Reached XP level 2. HP: 12/27 MP: 1/6
   688 | D:1      | Reached skill level 1 in Unarmed Combat
   975 | D:1      | HP: 3/28 [goblin/+2 mace of protection (6)]
   980 | D:1      | Slain by a goblin

Illustrated notes

Levels and vault maps discovered:
D:1:      onia_arrival_zoo_common, layout_loops_cross

Skill      XL: |  1  2 |
---------------+-------+-----
Fighting       | 1 |  1.9
Unarmed Combat | 1 |  1.2
Dodging        | |  1.7
Stealth        | |  1.4
Spellcasting   | |  3.6
Conjurations   | |  0.8
Summonings     | |  0.8
Translocations | |  0.8

Action                   || total
-------------------------++-------
Melee: Dagger            ||    84
       Unarmed           ||    33
Throw: Stone             ||    41
       Dart              ||     1
 Cast: Magic Dart        ||     7
Armor: Robe              ||    57
Dodge: Dodged            ||    84

Table legend: (Time is in decaauts)
 A = Elapsed time spent in this place.
 B = Non-inter-level travel time spent in this place.
 C = Inter-level travel time spent in this place.
 D = Time resting spent in this place.
 E = Time spent auto-exploring this place.
 F = Levels seen in this place.
 G = Mean time per level.
                   A        B        C        D        E       F      G
               +--------+--------+--------+--------+--------+-----+--------+
         Total |    983 |    963 |     20 |    497 |    212 |   1 |  983.0 |
       Dungeon |    983 |    963 |     20 |    497 |    212 |   1 |  983.0 |
               +--------+--------+--------+--------+--------+-----+--------+

Top non-repeatable levels by time:
     D:1: 983 daAuts
